 Dungeon Crawl Stone Soup version 0.29.1-2-gbd0b4ee654 (webtiles) character file.

Game seed: 7975259591364004235

7996 KamiKatze the Cleaver (level 11, -9/103 HPs)
             Began as a Gargoyle Fighter on Nov 19, 2022.
             Was a Believer of Trog.
             Mangled by a centaur warrior
             ... wielding the +8 morningstar of Setof {holy, rCorr Dex+5}
              (14 damage)
             ... on level 8 of the Dungeon.
             The game lasted 00:25:03 (7537 turns).

KamiKatze the Cleaver (Gargoyle Fighter)            Turns: 7537, Time: 00:25:03

Health: -9/103     AC: 19    Str: 21    XL:     11   Next: 24%
Magic:  11/11      EV: 12    Int: 10    God:    Trog [**....]
Gold:   517        SH:  6    Dex: 17    Spells: 10/10 levels left

rFire   . . .      SeeInvis .   a - +4 war axe (freeze)
rCold   . . .      Faith    .   c - +0 buckler
rNeg    + + .      Spirit   .   b - +0 scale mail
rPois   ∞          Reflect  .   F - +0 helmet
rElec   +          Harm     .   y - +0 cloak
rCorr   .          Rampage  .   (no gloves)
Will    .....                   (no boots)
Stlth   ..........              x - amulet of regeneration
HPRegen 1.07/turn               u - ring of positive energy
MPRegen 0.12/turn               D - +6 ring of dexterity

@: berserking, very quick
A: sickness immunity, AC +8, negative energy resistance 1, electricity
resistance, torment resistance 1, petrification resistance
a: Renounce Religion, Berserk, Trog's Hand


You were on level 8 of the Dungeon.
You worshipped Trog.
Trog was pleased with you.
You visited 2 branches of the dungeon, and saw 9 of its levels.

You collected 517 gold pieces.

Inventory:

Hand Weapons
 a - a +4 war axe of freezing (weapon)
 w - a +5 flail
 I - a +5 trident
 M - a +0 war axe
 N - a +4 hand axe
Missiles
 C - 4 poisoned darts (quivered)
 K - a curare-tipped dart
Armour
 b - a +0 scale mail (worn)
 c - a +0 buckler (worn)
 q - a +0 chain mail
 y - a +0 cloak (worn)
 F - a +0 helmet (worn)
 J - a +0 robe
Jewellery
 k - the amulet "Saoptec" {RegenMP rF+ Will+}
   (You found it on level 6 of the Dungeon)

   [amulet of magic regeneration]

   It increases your rate of magic regeneration.
   rF:        It protects you from fire.
   Will:      It increases your willpower.
 u - a ring of positive energy (left hand)
 x - an amulet of regeneration (around neck)
 D - a +6 ring of dexterity (right hand)
Wands
 s - a wand of flame (28)
 t - a wand of charming (16)
 G - a wand of polymorph (4)
 L - a wand of digging (2)
 O - a wand of iceblast (12)
Scrolls
 e - 3 scrolls of teleportation
 g - a scroll of amnesia {unknown}
 l - a scroll of blinking
 r - a scroll of magic mapping {unknown}
 v - a scroll of poison {unknown}
 B - a scroll of vulnerability {unknown}
 E - a scroll of fog {unknown}
 H - 2 scrolls of noise {unknown}
 Q - a scroll of silence {unknown}
Potions
 d - a potion of might
 f - 5 potions of mutation
 h - 2 potions of curing
 i - a potion of invisibility {unknown}
 j - 3 potions of brilliance
 m - 4 potions of attraction {unknown}
 n - a potion of resistance {unknown}
 o - a potion of lignification {unknown}
 p - 3 potions of flight {unknown}
 z - 2 potions of heal wounds
 A - a potion of ambrosia {unknown}
 P - 2 potions of berserk rage {unknown}
Miscellaneous
 R - a phantom mirror


   Skills:
 + Level 8.6 Fighting
 * Level 9.6 Axes
 - Level 2.0 Throwing
 + Level 8.7 Armour
 + Level 5.9 Dodging
 - Level 5.0 Shields
 - Level 3.0 Evocations


You had 10 spell levels left.
You didn't know any spells.
Your spell library contained the following spells:

 Spells                   Type           Power      Damage    Failure   Level
 Sandblast                Erth           0%         2d4       75%         1
 Shock                    Conj/Air       0%         1d3       75%         1
 Summon Small Mammal      Summ           0%         N/A       75%         1
 Passwall                 Tmut/Erth      0%         N/A       87%         2
 Static Discharge         Conj/Air       0%         3-3/arc   87%         2
 Call Canine Familiar     Summ           0%         N/A       98%         3
 Stone Arrow              Conj/Erth      0%         3d7       98%         3
 Summon Guardian Golem    Hex/Summ       0%         N/A       98%         3
 Swiftness                Air            0%         N/A       98%         3
 Airstrike                Air            0%         2d(0-16)  100%        4
 Dispel Undead            Necr           0%         3d6       100%        4
 Sticky Flame             Conj/Fire      0%         2d3       100%        4


Dungeon Overview and Level Annotations

Branches:
Dungeon (8/15)             Temple (1/1) D:4            Lair (0/5) D:8

Altars:
Ashenzari
Cheibriados
Dithmenos
Elyvilon
Fedhas
Gozag
Hepliaklqana
Kikubaaqudgha
Makhleb
Nemelex Xobeh
Okawaru
Qazlal
Ru
Sif Muna
Trog
Uskayaw
Vehumet
Wu Jian
Xom
Yredelemnul
Zin
The Shining One

Shops:
D:2 [([   D:7 (

Portals:
Abyss: D:3

Annotations:
D:3 2 transporters, ripuliukko's ghost, amateur MiFi


Innate Abilities, Weirdness & Mutations

You are immune to sickness and miasma.
Your stone body is resilient. (AC +8)
You are immune to poison.
You resist negative energy. (rN+)
You are resistant to electric shocks. (rElec)
You are resistant to unholy torment.
You are immune to petrification.


Message History

* * * LOW HITPOINT WARNING * * *
You slash the tengu warrior! You freeze the tengu warrior.
The tengu warrior is severely wounded.
You hit the tengu warrior but do no damage.
The tengu warrior is severely wounded.
You block the tengu warrior's attack.
The tengu warrior pecks you but does no damage.
The tengu warrior claws you but does no damage.
You slash the tengu warrior! You freeze the tengu warrior.
The tengu warrior is almost dead.
The tengu warrior hits you with a +0 great sword.
* * * LOW HITPOINT WARNING * * *
The tengu warrior barely misses you. You block the tengu warrior's attack.
You hit the tengu warrior but do no damage.
The tengu warrior is almost dead.
You closely miss the tengu warrior.
The tengu warrior is almost dead.
The tengu warrior hits you but does no damage.
The tengu warrior closely misses you.
The tengu warrior claws you but does no damage.
You slash the tengu warrior! You freeze the tengu warrior.
You kill the tengu warrior!
Trog accepts your kill.
You slash the centaur warrior! You freeze the centaur warrior.
The centaur warrior is moderately wounded.
The centaur warrior unwields a +0 shortbow.
The centaur warrior wields the +8 morningstar of Setof {holy, rCorr Dex+5}.
It softly glows with a divine radiance!
The centaur warrior hits you with the +8 morningstar of Setof {holy, rCorr Dex+5}!!
* * * LOW HITPOINT WARNING * * *
The centaur warrior kicks you but does no damage.
You slice the centaur warrior!! You freeze the centaur warrior.
The centaur warrior is severely wounded.
The centaur warrior hits you with the +8 morningstar of Setof {holy, rCorr Dex+5}!!
* * * LOW HITPOINT WARNING * * *
The centaur warrior kicks you but does no damage.
You slash the centaur warrior! You freeze the centaur warrior.
The centaur warrior is almost dead.
The centaur warrior hits you with the +8 morningstar of Setof {holy, rCorr Dex+5}!
You die...

~~###...###...##.....##...##.H#
#~##.........#####.#####.##..#
# # .#~#....##.........###..# #
. ~#....######.######..# # #.
~##...#...........#.# #
#...'#####.#####Q#...:#
#...#...........#c##.:::.
#...######.######C.# ...#
#...##).@c.....# #..# .##
#....#####D##### #..# #
#.....##.....# #..#
##.....###'### ##'##
##....##.#.c.## ....
#....##.##.#..## ## ...
#...##..#..##c.####.##.## #
#.<.#..##...#...#.##.#.#. #
#...#..#....##D.#..##...#


You could see a five-headed hydra and a centaur warrior.

Vanquished Creatures
  A hydra (D:8)
  2 two-headed ogres (D:8)
  A tengu warrior (D:8)
  A manticore (D:8)
  Eustachio (D:5)
  12 yaks
  A vampire mosquito (D:7)
  Menkaure (D:6)
  Duvessa (D:5)
  A water moccasin (D:6)
  2 sky beasts
  3 ice beasts
  A black bear (D:4)
  2 ogres (D:5)
  2 centaurs
  A phantom (D:6)
  2 kobold brigands (D:7)
  2 necrophages
  3 bullfrogs
  2 gnoll sergeants (D:8)
  A scorpion (D:4)
  10 wights
  Dowan (D:5)
  2 howler monkeys
  5 hounds
  2 jellies
  3 orc priests
  Jessica (D:2)
  Natasha (thrice) (D:2)
  7 orc wizards
  3 adders
  3 shadow imps
  2 white imps
  A worm (D:4)
  2 dart slugs
  16 orcs
  4 endoplasms
  3 giant cockroaches
  3 goblins
  7 hobgoblins
  12 jackals
  14 kobolds
  2 quokkas (D:1)
  6 ball pythons
  6 bats
  2 frilled lizards
  3 rats
166 creatures vanquished.

Vanquished Creatures (others)
  An orc wizard (D:4)
1 creature vanquished.

Grand Total: 167 creatures vanquished

Notes
Turn   | Place    | Note
-------+----------+-------------------------------------------
     0 | D:1      | KamiKatze the Gargoyle Fighter began the quest for the Orb.
     0 | D:1      | Reached XP level 1. HP: 14/14 MP: 1/1
   311 | D:1      | Reached XP level 2. HP: 19/19 MP: 2/2
   319 | D:1      | Reached skill level 2 in Axes
   336 | D:1      | Found a faded altar of an unknown god.
   843 | D:2      | Reached XP level 3. HP: 20/23 MP: 3/3
   882 | D:2      | Found Hilu's Weapon Boutique.
   949 | D:2      | Noticed Jessica
   966 | D:2      | Killed Jessica
   970 | D:2      | Found a shimmering altar of Xom.
   973 | D:2      | Reached XP level 4. HP: 26/28 MP: 4/4
  1284 | D:2      | Found Eddem's Armour Shop.
  1450 | D:2      | Noticed Natasha
  1460 | D:2      | Killed Natasha
  1638 | D:2      | Found Qetwyedu's Armour Boutique.
  1695 | D:2      | Noticed Natasha
  1711 | D:2      | Killed Natasha
  1712 | D:2      | Reached skill level 1 in Dodging
  1712 | D:2      | Reached XP level 5. HP: 19/33 MP: 5/5
  1883 | D:2      | Noticed Natasha
  1892 | D:2      | Killed Natasha
  1953 | D:2      | Reached skill level 3 in Axes
  2071 | D:3      | Found a transporter.
  2303 | D:3      | Found a transporter.
  2375 | D:3      | Reached XP level 6. HP: 25/38 MP: 6/6
  2423 | D:3      | Noticed a small abomination
  2478 | D:3      | Found a one-way gate to the infinite horrors of the Abyss.
  2478 | D:3      | Noticed a toenail golem
  2478 | D:3      | Noticed ripuliukko's ghost (amateur MiFi)
  2789 | D:4      | Found a staircase to the Ecumenical Temple.
  2798 | Temple   | Entered the Ecumenical Temple
  2925 | Temple   | Became a worshipper of Trog the Wrathful
  3008 | D:4      | Identified the +0 leather armour of Wulischaa {Rampage rC+
                  | Dex+5}
  3161 | D:4      | Noticed a sky beast
  3177 | D:4      | Killed a sky beast
  3178 | D:4      | Reached skill level 5 in Shields
  3374 | D:4      | Found a basalt altar of Yredelemnul.
  3382 | D:4      | Found a shimmering blue altar of Sif Muna.
  3387 | D:4      | Found a blossoming altar of Fedhas.
  3448 | D:4      | Noticed a black bear
  3454 | D:4      | Killed a black bear
  3455 | D:4      | Reached skill level 1 in Throwing
  3455 | D:4      | Reached skill level 1 in Evocations
  3455 | D:4      | Reached XP level 7. HP: 40/43 MP: 7/7
  3648 | D:5      | Entered Level 5 of the Dungeon
  3661 | D:5      | Noticed Eustachio
  3699 | D:5      | Killed Eustachio
  3700 | D:5      | Reached skill level 4 in Axes
  3716 | D:5      | Noticed Duvessa
  3731 | D:5      | Noticed Dowan
  3762 | D:5      | Killed Duvessa
  3845 | D:5      | Killed Dowan
  3846 | D:5      | Reached XP level 8. HP: 42/48 MP: 8/8
  4140 | D:5      | Reached * piety under Trog
  4141 | D:5      | Reached skill level 5 in Armour
  4408 | D:5      | Reached skill level 5 in Fighting
  4676 | D:6      | Reached skill level 5 in Axes
  4818 | D:6      | Noticed a yak
  4820 | D:6      | Noticed a yak
  4820 | D:6      | Noticed a yak
  4820 | D:6      | Noticed a yak
  4869 | D:6      | Noticed Menkaure
  4878 | D:6      | Killed Menkaure
  4885 | D:6      | Identified the amulet "Saoptec" {RegenMP rF+ Will+}
  5026 | D:6      | Reached XP level 9. HP: 38/55 MP: 9/9
  5054 | D:6      | Reached skill level 6 in Axes
  5591 | D:7      | Reached skill level 7 in Axes
  5696 | D:7      | Reached ** piety under Trog
  5697 | D:7      | Reached XP level 10. HP: 13/61 MP: 10/10
  5867 | D:7      | Found Gyerch's Weapon Boutique.
  6245 | D:7      | Found a snail-covered altar of Cheibriados.
  6516 | D:7      | Reached skill level 8 in Axes
  6573 | D:8      | Found a staircase to the Lair.
  6602 | D:8      | Found a shadowy altar of Dithmenos.
  6758 | D:8      | Reached skill level 5 in Dodging
  6771 | D:8      | Noticed a two-headed ogre
  6794 | D:8      | Killed a two-headed ogre
  6891 | D:8      | Noticed a five-headed hydra
  6891 | D:8      | Noticed a two-headed ogre
  7003 | D:8      | Killed a two-headed ogre
  7082 | D:8      | Noticed a gargoyle
  7166 | D:7      | Reached skill level 9 in Axes
  7245 | D:8      | Killed a five-headed hydra
  7246 | D:8      | Reached XP level 11. HP: 17/68 MP: 11/11
  7372 | D:8      | Noticed a tengu warrior
  7432 | D:8      | Noticed a manticore
  7439 | D:8      | Identified the +8 morningstar of Setof {holy, rCorr Dex+5}
  7439 | D:8      | Identified the ring "Mixaschi" {rF- Str+3 Int+6 Dex+3}
  7439 | D:8      | Noticed a centaur warrior
  7439 | D:8      | Noticed a cyclops
  7448 | D:8      | Killed a manticore
  7500 | D:8      | Noticed a five-headed hydra
  7534 | D:8      | Killed a tengu warrior
  7536 | D:8      | HP: 4/103 [centaur warrior/the +8 morningstar of Setof
                  | {holy, rCorr Dex+5} (20)]
  7537 | D:8      | Mangled by a centaur warrior

Illustrated notes

Levels and vault maps discovered:
D:1:      spicycebolla_green_bress_n_ham, layout_loops_ring,
          hellmonk_ecumenical_altar_arch_garden
D:2:      layout_loops_ring, serial_shops, nicolae_lakefront_shop,
          nicolae_shop_waterfront, nicolae_lakefront_shop, basic_altar,
          kennysheep_another_room, uniq_natasha, uniq_jessica
D:3:      layout_basic, gammafunk_ghost_abyssal_escape
D:4:      layout_loops_cross, minitemple, minmay_temple_entry_hall
D:5:      layout_loops_ring, kennysheep_minor_cross, uniq_duvessa,
          uniq_eustachio
D:6:      layout_cave_pools, uniq_menkaure
D:7:      layout_loops_cross, mainiacjoe_overflow_six_doors_small, serial_shops,
          shop, nicolae_elevator_lobby_plus
D:8:      minmay_the_grid_octo_2x2 [minmay_the_grid_octo_clover_2,
          minmay_the_grid_octo_odd_swirl, minmay_the_grid_octo_teeth,
          minmay_the_grid_octo_prize_star], layout_cave_pools,
          mainiacjoe_overflow_paths, serial_rivers,
          chequers_serial_rivers_room_b, chequers_serial_rivers_micro_e,
          chequers_serial_rivers_large_b, chequers_serial_rivers_micro_d,
          chequers_serial_rivers_room_a, chequers_serial_rivers_small_a
Temple:   minmay_temple_bridge_d

Skill      XL: |  1  2  3  4  5  6  7  8  9 10 |
---------------+-------------------------------+-----
Axes           | 2 3 4 5 7 9 |  9.6
Shields        | 4 5 |  5.0
Dodging        | 1 2 3 4 5 |  5.9
Armour         | 4 5 7 8 |  8.7
Fighting       | 4 5 6 8 |  8.6
Throwing       | 1 2 |  2.0
Evocations     | 1 2 3 |  3.0

Action                   |  1- 3 |  4- 6 |  7- 9 | 10-12 || total
-------------------------+-------+-------+-------+-------++-------
Melee: War axe           |    99 |   163 |    91 |   157 ||   510
       Hand axe          |       |       |   243 |   117 ||   360
       Flail             |       |       |       |     9 ||     9
Throw: Dart              |       |       |     4 |     7 ||    11
Invok: Berserk           |       |       |     3 |     3 ||     6
       Trog's Hand       |       |       |       |     1 ||     1
  Use: Scroll            |       |       |     8 |     1 ||     9
       Potion            |       |       |     1 |       ||     1
Armor: Scale mail        |    58 |   102 |   168 |   127 ||   455
Dodge: Dodged            |    47 |    68 |   124 |   111 ||   350
Block: Buckler           |    30 |    43 |    75 |    74 ||   222
